 Dungeon Crawl Stone Soup version 0.25-a0-949-gdd2af9e06e (webtiles) character file.

Game seed: 11929898378755329504, levelgen mode: deterministic

13538 Flugslaktarn the Cleaver (level 11, 0/102 HPs)
             Began as a Deep Dwarf Fighter on May 8, 2020.
             Was a High Priest of Makhleb.
             Slain by a two-headed ogre
             ... wielding a +0 giant spiked club
              (2 damage)
             ... on level 15 of the Dungeon.
             The game lasted 00:05:21 (7634 turns).

Flugslaktarn the Cleaver (Deep Dwarf Fighter)       Turns: 7634, Time: 00:05:22

Health: 0/102      AC: 21    Str: 23    XL:     11   Next: 76%
Magic:  9/9        EV:  5    Int:  9    God:    Makhleb [*****.]
Gold:   585        SH: 17    Dex: 12    Spells: 10/10 levels left

rFire    . . .     SeeInvis .   a - +1 war axe
rCold    . . .     Gourm    .   g - +0 tower shield
rNeg     . . .     Faith    .   C - +0 chain mail
rPois    .         Spirit   .   E - +0 helmet
rElec    .         Reflect  .   n - +2 cloak
rCorr    +         Harm     .   A - +1 pair of gloves
MR       +....                  j - +1 pair of boots
Stlth    ..........             i - amulet of rage
HPRegen  0.00/turn              k - ring of resist corrosion
MPRegen  0.11/turn              (no ring)

@: about to teleport, non-regenerating
A: damage resistance, heal wounds, sense surroundings 2, no regeneration
a: Heal Wounds, Minor Destruction, Lesser Servant of Makhleb, Major Destruction,
Greater Servant of Makhleb, Renounce Religion, Evoke Berserk Rage


You were on level 15 of the Dungeon.
You worshipped Makhleb.
Makhleb was extremely pleased with you.
You were hungry.

You visited 2 branches of the dungeon, and saw 14 of its levels.
You also visited: Sewer.

You collected 655 gold pieces.
You spent 70 gold pieces at shops.

Inventory:

Hand Weapons
 a - a +1 war axe (weapon)
 b - a +0 dagger
   (You took it off an orc on level 6 of the Dungeon)
 w - a +5 hand axe
   (You took it off a wight on level 8 of the Dungeon)
Missiles
 M - 2 throwing nets (quivered)
Armour
 g - a +0 tower shield (worn)
   (You found it on level 6 of the Dungeon)
 j - a +1 pair of boots (worn)
   (You found it on level 3 of the Dungeon)
 n - a +2 cloak (worn)
   (You found it on level 4 of the Dungeon)
 A - a +1 pair of gloves (worn)
   (You found it on level 9 of the Dungeon)
 C - a +0 chain mail (worn)
   (You took it off an orc warrior on level 6 of the Dungeon)
 E - a +0 helmet (worn)
   (You found it on level 9 of the Dungeon)
Jewellery
 i - an amulet of rage (around neck)
   (You took it off a crimson imp on level 5 of the Dungeon)
 k - a ring of resist corrosion (left hand)
   (You found it on level 7 of the Dungeon)
 D - an uncursed ring of fire
   (You found it on level 9 of the Dungeon)
 J - an uncursed ring of fire
   (You found it on level 10 of the Dungeon)
 K - a cursed ring of attention {unknown}
   (You found it on level 11 of the Dungeon)
Wands
 q - a wand of enslavement (8)
   (You found it on level 7 of the Dungeon)
 u - a wand of iceblast (5)
   (You found it on level 7 of the Dungeon)
 v - a wand of digging (4)
   (You found it on level 10 of the Dungeon)
 y - a wand of paralysis (9)
   (You took it off a gnoll on level 9 of the Dungeon)
 B - a wand of acid (10)
   (You found it on level 9 of the Dungeon)
Scrolls
 r - 4 scrolls of identify
 t - 4 scrolls of teleportation
 x - 2 scrolls of remove curse
 F - a scroll of immolation {unknown}
Potions
 c - a potion of curing {unknown}
 d - 2 potions of might
 f - 4 potions of heal wounds
 h - 5 potions of haste
 l - 2 potions of cancellation
 m - a potion of invisibility
 o - a potion of resistance {unknown}
 p - 2 potions of flight {unknown}
 s - 2 potions of magic
 z - 2 potions of berserk rage {unknown}
 G - a potion of lignification {unknown}
 H - a potion of stabbing {unknown}
 I - a potion of mutation {unknown}
 N - a potion of brilliance {unknown}
Comestibles
 e - 24 rations
 L - 4 chunks of flesh


   Skills:
 + Level 7.7 Fighting
 * Level 12.3 Axes
 + Level 9.3 Armour
 + Level 9.2 Shields
 + Level 9.6 Invocations


You had 10 spell levels left.
You didn't know any spells.
Your spell library was empty.

Dungeon Overview and Level Annotations

Branches:
Dungeon (12/15)            Temple (1/1) D:4            Lair (0/6) D:9
    Orc (0/2) D:9           Sewer (visited)

Altars:
Ashenzari
Cheibriados
Dithmenos
Fedhas
Gozag
Hepliaklqana
Kikubaaqudgha
Makhleb
Okawaru
Qazlal
Ru
Sif Muna
Vehumet
Wu Jian
Xom
Yredelemnul
Zin

Shops:
D:4 !

Annotations:
D:4 exclusion: statue
D:11 exclusions: oklob plant and oklob sapling


Innate Abilities, Weirdness & Mutations

You are resistant to damage.
You can heal yourself by infusing magical energy.
You passively map the area around you.
You do not regenerate.


Message History

The tengu warrior hits you but does no damage.
The tengu warrior pecks you but does no damage.
The tengu warrior claws you but does no damage.
You feel much better.
The ettin hits you with a +0 dire flail!!
* * * LOW HITPOINT WARNING * * *
You block the ettin's attack.
The tengu conjurer hits you but does no damage.
You block the tengu conjurer's attack.
The tengu conjurer claws you but does no damage.
The deep elf archer blinks!
The two-headed ogre hits you with a +0 giant club!
* * * LOW HITPOINT WARNING * * *
The two-headed ogre hits you with a +0 giant club!
* * * LOW HITPOINT WARNING * * *
The cyclops hits you.
* * * LOW HITPOINT WARNING * * *
The two-headed ogre hits you but does no damage.
The two-headed ogre hits you with a +0 giant spiked club.
You die...

, * ,,#.. . #. , , ,,
,, #.. ,*.#. , ,, , ,,
#.. ..# , , * *,
#..#####.# , ** ,
#...!...§#⌠ , ., , ,
+###........####.# * ,
, ..........T.....#..
, ,
,.........CQO.......
,,
,.........Q@O..*.#..,,
< ,
*######)....C..Q....,
,, #.############* ,*
,,, +.',,, , ,, ,, ,
#.' , , , , ,* ,,, ,#.
, , , ,,#.* ,, , , ,,
, , , , , * , *, , ,
,, ,,,


You could see an ettin, a tengu warrior, 2 two-headed ogres, a deep troll, a
cyclops, 2 tengu conjurers and a battlesphere.

Vanquished Creatures
  Harold (D:7)
  2 gargoyles
  A komodo dragon (D:9)
  A harpy zombie (D:12)
  A queen bee (D:11)
  A troll (D:11)
  3 hippogriffs
  A spriggan (D:11)
  A wraith (D:10)
  9 yaks
  2 wyverns
  2 hungry ghosts
  4 vampire mosquitoes (D:11)
  2 water moccasins (D:11)
  5 orc warriors
  A swamp drake (D:9)
  Purgy (Sewer)
  A black bear (D:7)
  An ice beast (D:10)
  3 phantoms
  5 sky beasts
  10 ogres
  3 centaurs
  2 crocodiles (D:9)
  Blork the orc (D:4)
  2 big kobolds
  A gnoll sergeant (D:9)
  4 bullfrogs
  A wyvern zombie (D:10)
  4 scorpions
  38 killer bees
  8 wights (D:8)
  4 howler monkeys
  8 crimson imps
  3 bullfrog zombies
  A quasit (D:9)
  8 hounds
  3 jellies
  2 bullfrog skeletons
  5 orc priests
  A gnoll shaman (D:7)
  3 centaur skeletons
  3 iguanas
  Natasha (D:4)
  7 worker ants
  8 orc wizards
  A hound zombie (D:5)
  2 hound skeletons
  4 worker ant zombies
  22 gnolls
  9 adders
  3 shadow imps
  An ooze (D:6)
  2 adder skeletons
  2 worms (D:4)
  A dart slug (D:4)
  The ghost of Esekla the Conjurer, a weakling FoCj of Vehumet (D:8)
  A leopard gecko (D:5)
  37 orcs
  6 ball pythons
  A giant cockroach (D:6)
  2 goblins
  3 hobgoblins
  14 jackals
  12 kobolds
  4 quokkas
  3 bats
  3 frilled lizards
  A jackal skeleton (D:4)
  A leopard gecko skeleton (D:5)
  A leopard gecko zombie (D:6)
  2 quokka skeletons
  4 rats
322 creatures vanquished.

Vanquished Creatures (others)
  3 plants (D:11)
3 creatures vanquished.

Grand Total: 325 creatures vanquished

Notes
Turn   | Place    | Note
-------+----------+-------------------------------------------
     0 | D:1      | Flugslaktarn the Deep Dwarf Fighter began the quest for the
                  | Orb.
     0 | D:1      | Reached XP level 1. HP: 20/20 MP: 1/1
    44 | D:2      | Reached XP level 2. HP: 27/27 MP: 2/2
   174 | D:3      | Reached skill level 3 in Axes
   174 | D:3      | Reached XP level 3. HP: 20/34 MP: 3/3
   192 | D:3      | Reached XP level 4. HP: 34/42 MP: 3/3
   302 | D:4      | Found a radiant altar of Vehumet.
   306 | D:4      | Noticed a charred statue
   309 | D:4      | Found a snail-covered altar of Cheibriados.
   365 | D:4      | Noticed an ogre
   377 | D:4      | Killed an ogre
   377 | D:4      | Reached skill level 4 in Axes
   377 | D:4      | Reached XP level 5. HP: 24/49 MP: 3/3
   437 | D:4      | Found Oruur's Distillery.
   457 | D:4      | Bought a potion of heal wounds for 70 gold pieces
   475 | D:4      | Noticed Blork the orc
   483 | D:4      | Killed Blork the orc
   498 | D:4      | Found a staircase to the Ecumenical Temple.
   511 | Temple   | Entered the Ecumenical Temple
   572 | Temple   | Became a worshipper of Makhleb the Destroyer
   643 | D:4      | Reached XP level 6. HP: 45/56 MP: 4/4
   682 | D:4      | Noticed Natasha
   696 | D:4      | Killed Natasha
   696 | D:4      | Reached skill level 1 in Invocations
   807 | D:5      | Entered Level 5 of the Dungeon
   817 | D:5      | Reached skill level 5 in Axes
   843 | D:5      | Reached XP level 7. HP: 42/63 MP: 6/6
   943 | D:5      | Reached * piety under Makhleb
   951 | D:5      | Found a glowing drain.
   955 | Sewer    | Entered a sewer
   961 | Sewer    | Noticed Purgy
   969 | Sewer    | Killed Purgy
   969 | Sewer    | Reached skill level 5 in Armour
   969 | Sewer    | Reached skill level 5 in Shields
  1045 | D:5      | Reached skill level 6 in Axes
  1296 | D:5      | Found a shimmering altar of Xom.
  1569 | D:5      | Reached XP level 8. HP: 60/73 MP: 8/8
  1742 | D:6      | Reached skill level 7 in Axes
  1874 | D:6      | Reached skill level 5 in Fighting
  1882 | D:6      | Reached ** piety under Makhleb
  2384 | D:7      | Reached skill level 5 in Invocations
  2406 | D:7      | Reached skill level 8 in Axes
  2406 | D:7      | Gained mutation: You passively map the area around you.
                  | [Deep Dwarf growth]
  2406 | D:7      | Reached XP level 9. HP: 79/81 MP: 6/6
  3034 | D:7      | Noticed Harold
  3081 | D:7      | Killed Harold
  3081 | D:7      | Reached skill level 9 in Axes
  3148 | D:7      | Reached *** piety under Makhleb
  3588 | D:8      | Noticed Esekla's ghost (weakling FoCj)
  3771 | D:8      | Reached XP level 10. HP: 83/91 MP: 8/8
  4041 | D:8      | Found a runed translucent door.
  4061 | D:8      | Reached skill level 10 in Axes
  4214 | D:8      | Killed Esekla's ghost
  4477 | D:9      | Reached **** piety under Makhleb
  4688 | D:9      | Found a staircase to the Orcish Mines.
  5006 | D:9      | Found a shattered altar of Ashenzari.
  5127 | D:9      | Found a staircase to the Lair.
  5420 | D:10     | Entered Level 10 of the Dungeon
  5624 | D:10     | Noticed a gargoyle
  5644 | D:10     | Killed a gargoyle
  5644 | D:10     | Reached skill level 11 in Axes
  5797 | D:10     | Reached XP level 11. HP: 59/100 MP: 8/8
  6299 | D:10     | Reached ***** piety under Makhleb
  7076 | D:11     | Reached skill level 12 in Axes
  7548 | D:11     | Noticed an oklob plant
  7620 | D:12     | You fall into a shaft and drop 3 floors!
  7620 | D:15     | Entered Level 15 of the Dungeon
  7623 | D:15     | Noticed a two-headed ogre
  7623 | D:15     | Noticed a tengu warrior
  7623 | D:15     | Noticed an ettin
  7625 | D:15     | Noticed a deep elf archer
  7626 | D:15     | Noticed a two-headed ogre
  7626 | D:15     | Noticed a deep troll
  7634 | D:15     | HP: 2/102 [cyclops (4)]
  7634 | D:15     | Slain by a two-headed ogre

Levels and vault maps discovered:
D:1:      dpeg_arrival_morbid_curiosity, layout_basic
D:2:      layout_loops_ring, lemuel_crystal_altar
D:3:      layout_rooms, nemelex_altar_shiori
D:4:      layout_basic, cheibriados_altar_1, vehumet_statue,
          minmay_temple_entry_offerings, first_ration, serial_shops,
          nicolae_shop_crystal, uniq_blork_the_orc, uniq_natasha
D:5:      layout_basic, kennysheep_little_box, gup_sewer_entry_bowl,
          saegor_snake_ambush
D:6:      minmay_angry_zag, layout_basic, kennysheep_generic_room_8
D:7:      layout_layer_cave, uniq_harold
D:8:      layout_loops_ring, hellmonk_ghost_happy_afterlife
D:9:      layout_small_grid, cheibrodos_ashenzari_chains, erik_lair_dragon,
          david_orc_2
D:10:     layout_loops_corners
D:11:     layout_basic, special_room [special_room_bee], the_bakery,
          introduction_to_nature_2
D:12:     layout_long_grid, serial_ice, serial_ice_f, serial_ice_b,
          serial_ice_h, serial_ice_j, portal_ice_cave_entry_ice_beasts,
          uniq_josephine, uniq_frances
D:15:     hangedman_depths_entry_civil_slaughter, layout_irregular_city,
          serial_shops, shop
Temple:   eino_temple_rhombus

Skill      XL: |  1  2  3  4  5  6  7  8  9 10 11 |
---------------+----------------------------------+-----
Fighting       | 3 4 5 6 7 |  7.7
Axes           | 3 4 5 6 8 9 11 12 | 12.3
Armour         | 4 5 6 7 8 9 |  9.3
Shields        | 4 5 6 7 8 9 |  9.2
Invocations    | 2 3 5 6 8 9 |  9.6

Action                   |  1- 3 |  4- 6 |  7- 9 | 10-12 || total
-------------------------+-------+-------+-------+-------++-------
Melee: War axe           |    56 |   107 |   444 |   494 ||  1101
       Hand axe          |       |       |       |   410 ||   410
 Abil: Heal Wounds       |     2 |     4 |    19 |    15 ||    40
       Evoke Berserk Rag |       |       |     3 |       ||     3
  Use: Scroll            |       |       |     7 |     7 ||    14
  Eat: Chunk             |       |       |     7 |    13 ||    20
       Ration            |       |       |     4 |       ||     4
Armor: Scale mail        |    45 |    51 |    69 |       ||   165
       Chain mail        |       |       |   159 |   534 ||   693
Dodge: Dodged            |    33 |    57 |    79 |   135 ||   304
Block: Kite shield       |    56 |    66 |   144 |       ||   266
       Tower shield      |       |       |   171 |   959 ||  1130

Table legend:
 A = Non-vault XP
 B = Vault XP
 C = Vault XP percentage of total XP
 D = Non-vault monster count
 E = Vault monster count
 F = Vault count percentage of total count
                 A         B        C        D         E       F
            +---------+---------+-------+---------+---------+-------
      Total |   14816 |    4525 |  23.4 |     266 |      56 |  17.4
            +---------+---------+-------+---------+---------+-------
        D:1 |       3 |       0 |   0.0 |       2 |       0 |   0.0
        D:2 |      33 |       0 |   0.0 |       6 |       0 |   0.0
        D:3 |      93 |       0 |   0.0 |      21 |       0 |   0.0
        D:4 |     230 |     135 |  37.0 |      14 |       2 |  12.5
        D:5 |     842 |      18 |   2.1 |      21 |       4 |  16.0
        D:6 |    1117 |     121 |   9.8 |      35 |       3 |   7.9
        D:7 |    1322 |    1023 |  43.6 |      35 |       1 |   2.8
        D:8 |    1534 |       3 |   0.2 |      34 |       1 |   2.9
        D:9 |    1482 |    1057 |  41.6 |      26 |      11 |  29.7
       D:10 |    3354 |       0 |   0.0 |      22 |       0 |   0.0
       D:11 |    4253 |    2037 |  32.4 |      48 |      32 |  40.0
       D:12 |     553 |       0 |   0.0 |       2 |       0 |   0.0
      Sewer |       0 |     131 | 100.0 |       0 |       2 | 100.0
            +---------+---------+-------+---------+---------+-------
